WCHLSIM.com - West Coast Hockey League
html PUBLIC "-//W3C//DTD XHTML 1.0 Transitional//EN" "http://www.w3.org/TR/xhtml1/DTD/xhtml1-transitional.dtd"> WCHL - Game 16 - SAN JOSE BRONCOS vs BANFF WOLVES

SAN JOSE BRONCOS vs BANFF WOLVES

Created - 14 novembre 2020 at 22:03

Goals
1 2 3 T
SAN JOSE BRONCOS 1 1 0 2
BANFF WOLVES 0 0 0 0
Shots
1 2 3 T
SAN JOSE BRONCOS 14 11 12 37
BANFF WOLVES 11 3 6 20

1st period

1. SAN JOSE BRONCOS , Evgeni Malkin 1 (Claude Giroux 1, Jaccob Slavin 2) at 16:47

Penalties :
Adam Pelech (SJO) for Slashing (Minor) at 2:24, Mikhail Sergachev (BAN) for Boarding (Minor) at 11:09

2nd period

2. SAN JOSE BRONCOS , Connor Brown 3 (Adam Pelech 1, Brayden Point 2) at 3:15

Penalties :
Mikhail Sergachev (BAN) for Interference (Minor) at 3:22

3rd period

No Goal

Penalties :
Mikhail Sergachev (BAN) for Holding (Minor) at 5:12

Goalie Stats

Jacob Markstrom (SJO), 20 saves from 20 shots - (1,000), W, 1-1-0, 60:00 minutes
Pavel Francouz (BAN), 35 saves from 37 shots - (0,946), L, 0-1-0, 60:00 minutes

Players Stats for SAN JOSE BRONCOS

Player Name              G  A  P  +/- PIM S  H  SB GA TA FO     MP     PP MP  PK MP  
------------------------------------------------------------------------------------
Adam Pelech              0  1  1   1  2   1  0  4  0  0  0/0    15:51   0:00   0:00 
Anthony Beauvillier      0  0  0   1  0   1  3  0  0  0  0/2    18:26   3:06   0:00 
Brady Skjei              0  0  0   1  0   1  0  0  0  0  0/0    18:52   2:24   1:29 
Brayden Point            0  1  1   1  0   5  0  0  0  0  8/24   18:26   3:06   0:00 
Charlie Coyle            0  0  0   0  0   1  1  0  0  0  9/16   13:59   0:00   0:00 
Chris Tanev              0  0  0   0  0   1  0  0  0  0  0/0    17:41   0:00   0:57 
Claude Giroux            0  1  1   1  0   5  1  0  0  0  1/2    20:44   2:51   0:00 
Connor Brown             1  0  1   1  0   4  0  0  0  0  0/2    19:25   3:06   0:59 
Conor Garland            0  0  0   0  0   0  0  0  0  0  0/0    13:59   0:00   0:00 
David Kampf              0  0  0   0  0   1  0  0  0  0  0/0     4:52   0:00   0:00 
Evgeni Malkin            1  0  1   1  0   4  3  0  0  0  9/21   21:43   2:51   0:59 
Hampus Lindholm          0  0  0   1  0   0  0  0  0  0  0/0    22:01   2:24   0:09 
Jaccob Slavin            0  1  1   1  0   0  1  1  0  0  0/0    24:24   3:33   1:23 
Jesper Bratt             0  0  0   0  0   0  1  0  0  0  0/0    13:59   0:00   0:00 
Neal Pionk               0  0  0   0  0   1  2  0  0  0  0/0    21:10   3:33   0:00 
Nick Bonino              0  0  0   0  0   2  0  0  0  0  5/7     5:52   0:00   1:00 
Oliver Bjorkstrand       0  0  0   1  0   8  0  0  0  0  0/0    21:44   2:51   1:00 
Tyler Motte              0  0  0   0  0   2  0  0  0  0  0/0     4:52   0:00   0:00 

Players Stats for BANFF WOLVES

Player Name              G  A  P  +/- PIM S  H  SB GA TA FO     MP     PP MP  PK MP  
------------------------------------------------------------------------------------
Alex Tuch                0  0  0  -1  0   2  1  0  0  0  1/1    17:08   0:30   0:00 
Antti Suomela            0  0  0   0  0   0  0  0  0  0  4/8     5:40   0:00   0:00 
Jack Eichel              0  0  0   0  0   5  3  2  0  0  18/28  22:49   1:29   3:05 
James van Riemsdyk       0  0  0  -1  0   0  0  0  0  0  0/0    16:38   0:00   0:00 
Jamie Oleksiak           0  0  0   0  0   0  0  2  0  0  0/0    20:34   0:30   2:40 
Jeff Carter              0  0  0  -1  0   1  3  0  0  0  12/18  20:13   0:30   3:05 
Josh Teves               0  0  0  -1  0   0  1  0  0  0  0/0    16:50   0:00   3:17 
Kevin Connauton          0  0  0  -1  0   0  1  1  0  0  0/0    14:14   0:00   0:14 
Kevin Labanc             0  0  0   0  0   3  3  0  0  0  0/0    22:36   1:29   2:52 
Mark Jankowski           0  0  0   0  0   0  0  0  0  0  0/0     5:40   0:00   0:00 
Mike Ferland             0  0  0   0  0   1  4  0  0  0  0/0     5:40   0:00   0:00 
Mikhail Sergachev        0  0  0  -1  6   0  3  4  0  0  0/0    22:33   1:29   0:00 
Miro Heiskanen           0  0  0   0  0   1  0  2  0  0  0/0    26:11   1:29   4:18 
Nikita Gusev             0  0  0   0  0   3  0  2  0  0  1/3    22:36   1:29   2:52 
Rocco Grimaldi           0  0  0  -1  0   1  0  1  0  0  0/0    11:31   0:00   0:00 
Roope Hintz              0  0  0  -1  0   3  0  0  0  0  0/0    12:01   0:30   0:00 
Taylor Fedun             0  0  0  -1  0   0  3  2  0  0  0/0    19:35   0:30   1:25 
Victor Rask              0  0  0  -1  0   0  1  1  0  0  6/16   11:31   0:00   0:00 

3 Stars

1 - Jacob Markstrom (SJO)
2 - Evgeni Malkin (SJO)
3 - Pavel Francouz (BAN)

Power Play

SAN JOSE BRONCOS - 0 on 3 Attempt(s) - 0,00%
BANFF WOLVES - 0 on 1 Attempt(s) - 0,00%

Penalty Kill

SAN JOSE BRONCOS - 1 on 1 Attempt(s) - 100,00% - Score 0 goal in Penalty Kill
BANFF WOLVES - 3 on 3 Attempt(s) - 100,00% - Score 0 goal in Penalty Kill

Team Stat

SAN JOSE BRONCOS - Hits : 12 - Faceoff Wins : 32 - Blocked Shots : 5 - Penalty Minutes : 2
BANFF WOLVES - Hits : 23 - Faceoff Wins : 42 - Blocked Shots : 17 - Penalty Minutes : 6

Official

Referees : Ryan Hersey and Brandon Schrader
Linesman : Derek Wahl and Brian Mach

Game Notes

No Game Note

Finance

Level 1 -- Attendance: 5159 (73,18%) -- Ticket Income 722 260 $
Level 2 -- Attendance: 4345 (72,95%) -- Ticket Income 412 775 $
Level 3 -- Attendance: 1804 (77,09%) -- Ticket Income 117 260 $
Level 4 -- Attendance: 3176 (63,52%) -- Ticket Income 158 800 $
Luxury Box -- Attendance: 777 (72,96%) -- Ticket Income 233 100 $
Game was played at the Rocky Mountains Sports Complex.
Total Attendance: 15261 (71,28%)
Total Ticket Income: 1 644 195 $
Other Income: 575 468 $
Total Income: 2 219 663 $

SAN JOSE BRONCOS

5 vs 5 Forward 
   Center                   Left Wing                Right Wing               Time % Phy DF OF 
 1 Evgeni Malkin            Oliver Bjorkstrand       Claude Giroux            34     1   2  2  
 2 Brayden Point            Anthony Beauvillier      Connor Brown             30     1   2  2  
 3 Charlie Coyle            Conor Garland            Jesper Bratt             27     1   2  2  
 4 Nick Bonino              Tyler Motte              David Kampf              9      1   2  2  

5 vs 5 Defense 
   Defense                  Defense                                           Time % Phy DF OF 
 1 Jaccob Slavin            Hampus Lindholm                                   37     1   2  2  
 2 Chris Tanev              Neal Pionk                                        33     1   2  2  
 3 Brady Skjei              Adam Pelech                                       30     1   2  2  
 4 Hampus Lindholm          Jaccob Slavin                                     0      1   2  2  

PowerPlay Forward 
   Center                   Left Wing                Right Wing               Time % Phy DF OF 
 1 Evgeni Malkin            Oliver Bjorkstrand       Claude Giroux            60     1   2  2  
 2 Brayden Point            Anthony Beauvillier      Connor Brown             40     1   2  2  

PowerPlay Defense
   Defense                  Defense                                           Time % Phy DF OF 
 1 Jaccob Slavin            Neal Pionk                                        60     1   2  2  
 2 Hampus Lindholm          Brady Skjei                                       40     1   2  2  

Penalty Kill 4 Players Forward 
   Center                   Wing                     Time % Phy DF OF 
 1 Nick Bonino              Oliver Bjorkstrand       50     1   2  2  
 2 Evgeni Malkin            Connor Brown             50     1   2  2  

Penalty Kill 4 Players Defense
   Defense                  Defense                  Time % Phy DF OF 
 1 Jaccob Slavin            Chris Tanev              50     1   2  2  
 2 Brady Skjei              Adam Pelech              50     1   2  2  

Penalty Kill - 3 Players Forward 
   Forward                                           Time % Phy DF OF 
 1 Nick Bonino                                       50     1   2  2  
 2 Claude Giroux                                     50     1   2  2  

Penalty Kill - 3 Players Defense
   Defense                  Defense                  Time % Phy DF OF 
 1 Jaccob Slavin            Chris Tanev              55     1   2  2  
 2 Brady Skjei              Adam Pelech              45     1   2  2  

4 vs 4 Forward 
   Center                   Wing                     Time % Phy DF OF 
 1 Brayden Point            Oliver Bjorkstrand       50     1   2  2  
 2 Evgeni Malkin            Connor Brown             50     1   2  2  

4 vs 4 Defense
   Defense                  Defense                  Time % Phy DF OF 
 1 Hampus Lindholm          Jaccob Slavin            50     1   2  2  
 2 Adam Pelech              Brady Skjei              50     1   2  2  

Last Minutes Offensive
   Center                   Left Wing                Right Wing               Defense                  Defense                  
   Evgeni Malkin            Oliver Bjorkstrand       Claude Giroux            Jaccob Slavin            Neal Pionk               

Last Minutes Defensive
   Center                   Left Wing                Right Wing               Defense                  Defense                  
   Nick Bonino              Oliver Bjorkstrand       Connor Brown             Chris Tanev              Jaccob Slavin            

Goaltenders
Starting : Jacob Markstrom          
Backup : Petr Mrazek              

Extra Forwards
Normal : Connor Brown, Conor Garland, Charlie Coyle - PP : Conor Garland, Anthony Beauvillier - PK : Charlie Coyle
Extra Defensemen
Normal : Chris Tanev, Neal Pionk, Adam Pelech - PP : Hampus Lindholm - PK : Chris Tanev, Adam Pelech
Penalty Shots
Evgeni Malkin, Brayden Point, Oliver Bjorkstrand, Claude Giroux, Conor Garland
Custom OT Lines Forwards
Evgeni Malkin, Claude Giroux, Brayden Point, Oliver Bjorkstrand, Nick Bonino, Connor Brown, Charlie Coyle, Conor Garland, Anthony Beauvillier, Jesper Bratt
Custom OT Lines Defensemen
Jaccob Slavin, Hampus Lindholm, Chris Tanev, Brady Skjei, Adam Pelech

Scratches
None

BANFF WOLVES

5 vs 5 Forward 
   Center                   Left Wing                Right Wing               Time % Phy DF OF 
 1 Jack Eichel              Nikita Gusev             Kevin Labanc             36     1   2  2  
 2 Jeff Carter              James van Riemsdyk       Alex Tuch                31     1   2  2  
 3 Victor Rask              Roope Hintz              Rocco Grimaldi           23     1   2  2  
 4 Antti Suomela            Mark Jankowski           Mike Ferland             10     1   2  2  

5 vs 5 Defense 
   Defense                  Defense                                           Time % Phy DF OF 
 1 Miro Heiskanen           Jamie Oleksiak                                    36     1   2  2  
 2 Mikhail Sergachev        Taylor Fedun                                      31     1   2  2  
 3 Kevin Connauton          Josh Teves                                        23     1   2  2  
 4 Miro Heiskanen           Mikhail Sergachev                                 10     1   2  2  

PowerPlay Forward 
   Center                   Left Wing                Right Wing               Time % Phy DF OF 
 1 Jack Eichel              Nikita Gusev             Kevin Labanc             55     1   2  2  
 2 Jeff Carter              Roope Hintz              Alex Tuch                45     1   2  2  

PowerPlay Defense
   Defense                  Defense                                           Time % Phy DF OF 
 1 Miro Heiskanen           Mikhail Sergachev                                 65     1   2  2  
 2 Jamie Oleksiak           Taylor Fedun                                      35     1   2  2  

Penalty Kill 4 Players Forward 
   Center                   Wing                     Time % Phy DF OF 
 1 Jack Eichel              Jeff Carter              55     1   2  2  
 2 Nikita Gusev             Kevin Labanc             45     1   2  2  

Penalty Kill 4 Players Defense
   Defense                  Defense                  Time % Phy DF OF 
 1 Miro Heiskanen           Mikhail Sergachev        55     1   2  2  
 2 Jamie Oleksiak           Taylor Fedun             45     1   2  2  

Penalty Kill - 3 Players Forward 
   Forward                                           Time % Phy DF OF 
 1 Jack Eichel                                       55     1   2  2  
 2 Jeff Carter                                       45     1   2  2  

Penalty Kill - 3 Players Defense
   Defense                  Defense                  Time % Phy DF OF 
 1 Miro Heiskanen           Mikhail Sergachev        55     1   2  2  
 2 Jamie Oleksiak           Taylor Fedun             45     1   2  2  

4 vs 4 Forward 
   Center                   Wing                     Time % Phy DF OF 
 1 Jack Eichel              Jeff Carter              55     1   2  2  
 2 Nikita Gusev             Kevin Labanc             45     1   2  2  

4 vs 4 Defense
   Defense                  Defense                  Time % Phy DF OF 
 1 Miro Heiskanen           Mikhail Sergachev        65     1   2  2  
 2 Jamie Oleksiak           Taylor Fedun             35     1   2  2  

Last Minutes Offensive
   Center                   Left Wing                Right Wing               Defense                  Defense                  
   Jack Eichel              Nikita Gusev             Kevin Labanc             Miro Heiskanen           Mikhail Sergachev        

Last Minutes Defensive
   Center                   Left Wing                Right Wing               Defense                  Defense                  
   Jack Eichel              Nikita Gusev             Kevin Labanc             Miro Heiskanen           Mikhail Sergachev        

Goaltenders
Starting : Pavel Francouz           
Backup : Ilya Samsonov            

Extra Forwards
Normal : Mark Jankowski, Jack Eichel, Antti Suomela - PP : Mark Jankowski, Jack Eichel - PK : Antti Suomela
Extra Defensemen
Normal : Kevin Connauton, Josh Teves, Jamie Oleksiak - PP : Kevin Connauton - PK : Josh Teves, Jamie Oleksiak
Penalty Shots
Jack Eichel, Jeff Carter, Nikita Gusev, Kevin Labanc, Roope Hintz
Custom OT Lines Forwards
Jack Eichel, Jeff Carter, Nikita Gusev, Kevin Labanc, Roope Hintz, Alex Tuch, Rocco Grimaldi, Victor Rask, Mark Jankowski, Antti Suomela
Custom OT Lines Defensemen
Miro Heiskanen, Mikhail Sergachev, Jamie Oleksiak, Taylor Fedun, Kevin Connauton

Scratches
None


% Time on Ice - SAN JOSE BRONCOS

Lines # - Real PCT - Wanted PCT - Time Play
Normal Forward
1 - 34% - 34% - 17:53
2 - 29% - 30% - 15:20
3 - 27% - 27% - 13:59
4 - 9% - 9% - 4:52
Normal Defense
1 - 37% - 37% - 19:28
2 - 32% - 33% - 16:54
3 - 30% - 30% - 15:42
4 - 0% - 0% - 0:00
PP Forward
1 - 48% - 60% - 2:51
2 - 52% - 40% - 3:06
PP Defense
1 - 60% - 60% - 3:33
2 - 40% - 40% - 2:24
PK Forward
1 - 50% - 50% - 1:00
2 - 50% - 50% - 0:59
PK Defense
1 - 18% - 50% - 0:21
2 - 82% - 50% - 1:38
PK3 Forward
1 - 0% - 50%
2 - 0% - 50%
PK3 Defense
1 - 0% - 55%
2 - 0% - 45%
44 Forward
1 - 0% - 50%
2 - 0% - 50%
44 Defense
1 - 0% - 50%
2 - 0% - 50%
Last Minute Offensive  - 0:00
Last Minute Defensive  - 0:00
Total
Forward - 60:00
Defense - 60:00

% Time on Ice - BANFF WOLVES

Lines # - Real PCT - Wanted PCT - Time Play
Normal Forward
1 - 35% - 36% - 18:15
2 - 32% - 31% - 16:38
3 - 22% - 23% - 11:31
4 - 11% - 10% - 5:40
Normal Defense
1 - 33% - 36% - 17:24
2 - 32% - 31% - 16:52
3 - 26% - 23% - 13:33
4 - 8% - 10% - 4:15
PP Forward
1 - 75% - 55% - 1:29
2 - 25% - 45% - 0:30
PP Defense
1 - 75% - 65% - 1:29
2 - 25% - 35% - 0:30
PK Forward
1 - 52% - 55% - 3:05
2 - 48% - 45% - 2:52
PK Defense
1 - 76% - 55% - 4:32
2 - 24% - 45% - 1:25
PK3 Forward
1 - 0% - 55%
2 - 0% - 45%
PK3 Defense
1 - 0% - 55%
2 - 0% - 45%
44 Forward
1 - 0% - 55%
2 - 0% - 45%
44 Defense
1 - 0% - 65%
2 - 0% - 35%
Last Minute Offensive  - 0:00
Last Minute Defensive  - 0:00
Total
Forward - 60:00
Defense - 60:00

Play-by-Play

1st period


0:01 of 1st period - Jack Eichel wins face-off versus Evgeni Malkin in neutral zone.
0:08 of 1st period - Shot by Jack Eichel.
0:08 of 1st period - Deflect By Nikita Gusev.
0:08 of 1st period - Stopped by Jacob Markstrom with a rebound.
0:53 of 1st period - Claude Giroux is hit by Taylor Fedun and loses puck.
1:01 of 1st period - Alex Tuch is hit by Jaccob Slavin and loses puck.
1:30 of 1st period - Shot by Brayden Point.
1:30 of 1st period - Shot Blocked by Taylor Fedun.
2:24 of 1st period - Minor Penalty to Adam Pelech for Slashing.
2:25 of 1st period - Nick Bonino wins face-off versus Jack Eichel in SAN JOSE BRONCOS zone.
2:25 of 1st period - Nick Bonino is hit by Jack Eichel.
2:55 of 1st period - Icing by Kevin Labanc.
2:56 of 1st period - Jack Eichel wins face-off versus Nick Bonino in BANFF WOLVES zone.
3:05 of 1st period - Shot by Miro Heiskanen.
3:05 of 1st period - Deflect By Jack Eichel.
3:05 of 1st period - Shot Misses the Net.
3:07 of 1st period - Shot by Jack Eichel.
3:07 of 1st period - Shot Misses the Net.
3:26 of 1st period - Icing by Miro Heiskanen.
3:27 of 1st period - Evgeni Malkin wins face-off versus Jack Eichel in BANFF WOLVES zone.
4:21 of 1st period - Shot by Evgeni Malkin.
4:21 of 1st period - Shot Blocked by Jamie Oleksiak.
4:31 of 1st period - Shot by Charlie Coyle.
4:31 of 1st period - Shot Misses the Net.
4:33 of 1st period - Shot by Neal Pionk.
4:33 of 1st period - Stopped by Pavel Francouz without a rebound.
4:34 of 1st period - Antti Suomela wins face-off versus Nick Bonino in BANFF WOLVES zone.
4:39 of 1st period - Nick Bonino is hit by Mike Ferland and loses puck.
5:16 of 1st period - Shot by Nick Bonino.
5:16 of 1st period - Stopped by Pavel Francouz without a rebound.
5:17 of 1st period - Victor Rask wins face-off versus Charlie Coyle in BANFF WOLVES zone.
5:34 of 1st period - Shot by Rocco Grimaldi.
5:34 of 1st period - Shot Misses the Net.
5:45 of 1st period - Icing by Hampus Lindholm.
5:46 of 1st period - Jack Eichel wins face-off versus Charlie Coyle in SAN JOSE BRONCOS zone.
5:49 of 1st period - Shot by Jack Eichel.
5:49 of 1st period - Stopped by Jacob Markstrom with a rebound.
6:05 of 1st period - Kevin Labanc is hit by Charlie Coyle and loses puck.
6:20 of 1st period - Shot by Claude Giroux.
6:20 of 1st period - Shot Misses the Net.
6:22 of 1st period - Shot by Evgeni Malkin.
6:22 of 1st period - Stopped by Pavel Francouz without a rebound.
6:23 of 1st period - Jeff Carter wins face-off versus Brayden Point in BANFF WOLVES zone.
6:25 of 1st period - Icing by James van Riemsdyk.
6:26 of 1st period - Alex Tuch wins face-off versus Brayden Point in BANFF WOLVES zone.
6:33 of 1st period - Shot by Alex Tuch.
6:33 of 1st period - Deflect By James van Riemsdyk.
6:33 of 1st period - Shot Blocked by Adam Pelech.
6:43 of 1st period - Shot by Connor Brown.
6:43 of 1st period - Shot Misses the Net.
6:59 of 1st period - Shot by Jeff Carter.
6:59 of 1st period - Shot Misses the Net.
7:05 of 1st period - Shot by Miro Heiskanen.
7:05 of 1st period - Stopped by Jacob Markstrom without a rebound.
7:06 of 1st period - Jack Eichel wins face-off versus Evgeni Malkin in SAN JOSE BRONCOS zone.
8:15 of 1st period - Icing by Mikhail Sergachev.
8:16 of 1st period - Victor Rask wins face-off versus Brayden Point in BANFF WOLVES zone.
8:23 of 1st period - Shot by Rocco Grimaldi.
8:23 of 1st period - Stopped by Jacob Markstrom without a rebound.
8:24 of 1st period - Jeff Carter wins face-off versus Brayden Point in SAN JOSE BRONCOS zone.
8:25 of 1st period - Shot by James van Riemsdyk.
8:25 of 1st period - Deflect By Alex Tuch.
8:25 of 1st period - Stopped by Jacob Markstrom with a rebound.
8:45 of 1st period - Shot by Brayden Point.
8:45 of 1st period - Stopped by Pavel Francouz with a rebound.
8:59 of 1st period - Shot by Connor Brown.
8:59 of 1st period - Stopped by Pavel Francouz without a rebound.
9:00 of 1st period - Victor Rask wins face-off versus Evgeni Malkin in BANFF WOLVES zone.
9:00 of 1st period - Mikhail Sergachev is hit by Claude Giroux and loses puck.
9:24 of 1st period - Icing by Mikhail Sergachev.
9:25 of 1st period - Charlie Coyle wins face-off versus Victor Rask in BANFF WOLVES zone.
10:22 of 1st period - Shot by Nikita Gusev.
10:22 of 1st period - Shot Misses the Net.
10:24 of 1st period - Shot by Nikita Gusev.
10:24 of 1st period - Stopped by Jacob Markstrom with a rebound.
10:57 of 1st period - Claude Giroux is hit by Kevin Connauton and loses puck.
11:06 of 1st period - Shot by Oliver Bjorkstrand.
11:06 of 1st period - Stopped by Pavel Francouz without a rebound.
11:07 of 1st period - Brayden Point wins face-off versus Antti Suomela in BANFF WOLVES zone.
11:07 of 1st period - Connor Brown is hit by Mikhail Sergachev and loses puck.
11:09 of 1st period - Minor Penalty to Mikhail Sergachev for Boarding.
11:10 of 1st period - Evgeni Malkin wins face-off versus Jack Eichel in BANFF WOLVES zone.
11:39 of 1st period - Shot by Evgeni Malkin.
11:39 of 1st period - Stopped by Pavel Francouz without a rebound.
11:40 of 1st period - Jack Eichel wins face-off versus Brayden Point in BANFF WOLVES zone.
11:46 of 1st period - Icing by Connor Brown.
11:47 of 1st period - Jack Eichel wins face-off versus Brayden Point in SAN JOSE BRONCOS zone.
12:33 of 1st period - Icing by Brayden Point.
12:34 of 1st period - Nikita Gusev wins face-off versus Brayden Point in SAN JOSE BRONCOS zone.
13:35 of 1st period - Shot by Tyler Motte.
13:35 of 1st period - Shot Blocked by Mikhail Sergachev.
13:43 of 1st period - Shot by David Kampf.
13:43 of 1st period - Stopped by Pavel Francouz without a rebound.
13:44 of 1st period - Evgeni Malkin wins face-off versus Antti Suomela in BANFF WOLVES zone.
14:08 of 1st period - Shot by Mike Ferland.
14:08 of 1st period - Stopped by Jacob Markstrom with a rebound.
16:47 of 1st period - Shot by Evgeni Malkin.
16:47 of 1st period - Goal by Evgeni Malkin - SAN JOSE BRONCOS : 1 - BANFF WOLVES : 0.
16:48 of 1st period - Brayden Point wins face-off versus Victor Rask in neutral zone.
16:48 of 1st period - Brayden Point is hit by Victor Rask.
17:04 of 1st period - Shot by Roope Hintz.
17:04 of 1st period - Stopped by Jacob Markstrom without a rebound.
17:05 of 1st period - Antti Suomela wins face-off versus Evgeni Malkin in SAN JOSE BRONCOS zone.
17:38 of 1st period - Shot by Claude Giroux.
17:38 of 1st period - Stopped by Pavel Francouz without a rebound.
17:39 of 1st period - Jack Eichel wins face-off versus Connor Brown in BANFF WOLVES zone.
17:56 of 1st period - Shot by Jack Eichel.
17:56 of 1st period - Stopped by Jacob Markstrom with a rebound.
17:58 of 1st period - Shot by Kevin Labanc.
17:58 of 1st period - Stopped by Jacob Markstrom without a rebound.
17:59 of 1st period - Charlie Coyle wins face-off versus Victor Rask in SAN JOSE BRONCOS zone.
18:31 of 1st period - Icing by Miro Heiskanen.
18:32 of 1st period - Brayden Point wins face-off versus Victor Rask in BANFF WOLVES zone.
18:41 of 1st period - Shot by Brayden Point.
18:41 of 1st period - Shot Blocked by Mikhail Sergachev.
19:16 of 1st period - Shot by Brayden Point.
19:16 of 1st period - Shot Misses the Net.
19:18 of 1st period - Shot by Connor Brown.
19:18 of 1st period - Shot Blocked by Nikita Gusev.
19:20 of 1st period - Shot by Jaccob Slavin.
19:20 of 1st period - Deflect By Connor Brown.
19:20 of 1st period - Stopped by Pavel Francouz without a rebound.
19:21 of 1st period - Jeff Carter wins face-off versus Evgeni Malkin in BANFF WOLVES zone.
19:21 of 1st period - Jeff Carter is hit by Evgeni Malkin.
19:30 of 1st period - Shot by Jeff Carter.
19:30 of 1st period - Stopped by Jacob Markstrom without a rebound.
19:31 of 1st period - Evgeni Malkin wins face-off versus Jeff Carter in SAN JOSE BRONCOS zone.
19:31 of 1st period - Evgeni Malkin is hit by Alex Tuch.
19:39 of 1st period - Shot by Oliver Bjorkstrand.
19:39 of 1st period - Shot Misses the Net.
19:41 of 1st period - Shot by Oliver Bjorkstrand.
19:41 of 1st period - Stopped by Pavel Francouz without a rebound.
19:42 of 1st period - Evgeni Malkin wins face-off versus Jack Eichel in BANFF WOLVES zone.
19:49 of 1st period - Shot by Oliver Bjorkstrand.
19:49 of 1st period - Stopped by Pavel Francouz with a rebound.
19:51 of 1st period - Shot by Oliver Bjorkstrand.
19:51 of 1st period - Shot Blocked by Kevin Connauton.
19:53 of 1st period - Shot by Oliver Bjorkstrand.
19:53 of 1st period - Stopped by Pavel Francouz without a rebound.
19:54 of 1st period - Jeff Carter wins face-off versus Brayden Point in BANFF WOLVES zone.
Goals for this period are 1 for SAN JOSE BRONCOS vs 0 for BANFF WOLVES.
Shots for this period are 14 for SAN JOSE BRONCOS vs 11 for BANFF WOLVES.

2nd period


0:01 of 2nd period - Jack Eichel wins face-off versus Claude Giroux in neutral zone.
0:04 of 2nd period - Evgeni Malkin is hit by Jack Eichel and loses puck.
0:13 of 2nd period - Shot by Evgeni Malkin.
0:13 of 2nd period - Stopped by Pavel Francouz without a rebound.
0:14 of 2nd period - Jeff Carter wins face-off versus Brayden Point in BANFF WOLVES zone.
2:03 of 2nd period - Icing by Jamie Oleksiak.
2:04 of 2nd period - Charlie Coyle wins face-off versus Jack Eichel in BANFF WOLVES zone.
2:27 of 2nd period - Icing by Chris Tanev.
2:28 of 2nd period - Charlie Coyle wins face-off versus Victor Rask in SAN JOSE BRONCOS zone.
2:35 of 2nd period - Shot by Conor Garland.
2:35 of 2nd period - Shot Misses the Net.
3:11 of 2nd period - Shot by Brayden Point.
3:11 of 2nd period - Shot Blocked by Victor Rask.
3:13 of 2nd period - Shot by Adam Pelech.
3:13 of 2nd period - Stopped by Pavel Francouz with a rebound.
3:15 of 2nd period - Shot by Connor Brown.
3:15 of 2nd period - Goal by Connor Brown - SAN JOSE BRONCOS : 2 - BANFF WOLVES : 0.
3:16 of 2nd period - Evgeni Malkin wins face-off versus Jeff Carter in neutral zone.
3:22 of 2nd period - Minor Penalty to Mikhail Sergachev for Interference.
3:23 of 2nd period - Jack Eichel wins face-off versus Evgeni Malkin in BANFF WOLVES zone.
4:03 of 2nd period - Shot by Brady Skjei.
4:03 of 2nd period - Stopped by Pavel Francouz without a rebound.
4:04 of 2nd period - Brayden Point wins face-off versus Nikita Gusev in BANFF WOLVES zone.
4:07 of 2nd period - Shot by Brayden Point.
4:07 of 2nd period - Stopped by Pavel Francouz without a rebound.
4:08 of 2nd period - Brayden Point wins face-off versus Nikita Gusev in BANFF WOLVES zone.
4:11 of 2nd period - Shot by Anthony Beauvillier.
4:11 of 2nd period - Shot Blocked by Miro Heiskanen.
4:31 of 2nd period - Shot by Brayden Point.
4:31 of 2nd period - Stopped by Pavel Francouz with a rebound.
4:43 of 2nd period - Shot by Anthony Beauvillier.
4:43 of 2nd period - Shot Misses the Net.
4:57 of 2nd period - Shot by Nikita Gusev.
4:57 of 2nd period - Shot Misses the Net.
4:59 of 2nd period - Shot by Miro Heiskanen.
4:59 of 2nd period - Shot Misses the Net.
5:01 of 2nd period - Shot by Kevin Labanc.
5:01 of 2nd period - Shot Misses the Net.
5:03 of 2nd period - Shot by Miro Heiskanen.
5:03 of 2nd period - Shot Misses the Net.
5:33 of 2nd period - Shot by Rocco Grimaldi.
5:33 of 2nd period - Shot Blocked by Adam Pelech.
5:35 of 2nd period - Shot by Roope Hintz.
5:35 of 2nd period - Shot Blocked by Adam Pelech.
6:07 of 2nd period - Icing by Brady Skjei.
6:08 of 2nd period - Charlie Coyle wins face-off versus Jack Eichel in SAN JOSE BRONCOS zone.
6:08 of 2nd period - Charlie Coyle is hit by Kevin Labanc.
6:25 of 2nd period - Shot by Jack Eichel.
6:25 of 2nd period - Shot Misses the Net.
6:27 of 2nd period - Shot by Jack Eichel.
6:27 of 2nd period - Stopped by Jacob Markstrom without a rebound.
6:28 of 2nd period - Evgeni Malkin wins face-off versus Jeff Carter in SAN JOSE BRONCOS zone.
6:35 of 2nd period - Shot by Oliver Bjorkstrand.
6:35 of 2nd period - Deflect By Evgeni Malkin.
6:35 of 2nd period - Shot Misses the Net.
6:51 of 2nd period - Shot by Evgeni Malkin.
6:51 of 2nd period - Deflect By Claude Giroux.
6:51 of 2nd period - Shot Misses the Net.
7:43 of 2nd period - Connor Brown is hit by Taylor Fedun and loses puck.
8:30 of 2nd period - Off-side.
8:31 of 2nd period - Charlie Coyle wins face-off versus Victor Rask in neutral zone.
9:46 of 2nd period - Shot by Claude Giroux.
9:46 of 2nd period - Stopped by Pavel Francouz without a rebound.
9:47 of 2nd period - Jack Eichel wins face-off versus Brayden Point in BANFF WOLVES zone.
9:52 of 2nd period - Jaccob Slavin is hit by Jack Eichel and loses puck.
10:01 of 2nd period - Shot by Connor Brown.
10:01 of 2nd period - Deflect By Brayden Point.
10:01 of 2nd period - Stopped by Pavel Francouz with a rebound.
10:03 of 2nd period - Shot by Connor Brown.
10:03 of 2nd period - Deflect By Anthony Beauvillier.
10:03 of 2nd period - Shot Blocked by Jack Eichel.
10:05 of 2nd period - Shot by Connor Brown.
10:05 of 2nd period - Shot Blocked by Mikhail Sergachev.
10:55 of 2nd period - Neal Pionk is hit by Jeff Carter.
11:07 of 2nd period - Jeff Carter is hit by Neal Pionk and loses puck.
11:49 of 2nd period - Mark Jankowski is hit by Neal Pionk and loses puck.
12:28 of 2nd period - Shot by Charlie Coyle.
12:28 of 2nd period - Shot Misses the Net.
12:38 of 2nd period - Shot by Charlie Coyle.
12:38 of 2nd period - Deflect By Conor Garland.
12:38 of 2nd period - Shot Misses the Net.
12:40 of 2nd period - Shot by Jesper Bratt.
12:40 of 2nd period - Shot Blocked by Nikita Gusev.
13:42 of 2nd period - Shot by Brayden Point.
13:42 of 2nd period - Shot Blocked by Jamie Oleksiak.
13:47 of 2nd period - Icing by Miro Heiskanen.
13:48 of 2nd period - Nick Bonino wins face-off versus Jeff Carter in BANFF WOLVES zone.
13:55 of 2nd period - Adam Pelech is hit by Jeff Carter.
14:46 of 2nd period - Shot by Roope Hintz.
14:46 of 2nd period - Stopped by Jacob Markstrom without a rebound.
14:47 of 2nd period - Evgeni Malkin wins face-off versus Antti Suomela in SAN JOSE BRONCOS zone.
14:47 of 2nd period - Evgeni Malkin is hit by Mike Ferland.
15:09 of 2nd period - Miro Heiskanen is hit by Evgeni Malkin and loses puck.
15:56 of 2nd period - Shot by Jack Eichel.
15:56 of 2nd period - Stopped by Jacob Markstrom without a rebound.
15:57 of 2nd period - Charlie Coyle wins face-off versus Jack Eichel in SAN JOSE BRONCOS zone.
16:41 of 2nd period - Icing by Chris Tanev.
16:42 of 2nd period - Jeff Carter wins face-off versus Charlie Coyle in SAN JOSE BRONCOS zone.
17:21 of 2nd period - Miro Heiskanen is hit by Jesper Bratt and loses puck.
17:34 of 2nd period - Shot by Oliver Bjorkstrand.
17:34 of 2nd period - Stopped by Pavel Francouz without a rebound.
17:35 of 2nd period - Evgeni Malkin wins face-off versus Jack Eichel in BANFF WOLVES zone.
17:40 of 2nd period - Shot by Claude Giroux.
17:40 of 2nd period - Stopped by Pavel Francouz without a rebound.
17:41 of 2nd period - Jack Eichel wins face-off versus Brayden Point in BANFF WOLVES zone.
17:41 of 2nd period - Jack Eichel is hit by Anthony Beauvillier.
17:57 of 2nd period - Jack Eichel is hit by Anthony Beauvillier and loses puck.
18:12 of 2nd period - Shot by Connor Brown.
18:12 of 2nd period - Shot Misses the Net.
18:14 of 2nd period - Shot by Brayden Point.
18:14 of 2nd period - Shot Misses the Net.
18:16 of 2nd period - Shot by Anthony Beauvillier.
18:16 of 2nd period - Shot Misses the Net.
18:28 of 2nd period - Shot by Connor Brown.
18:28 of 2nd period - Shot Misses the Net.
18:30 of 2nd period - Shot by Anthony Beauvillier.
18:30 of 2nd period - Shot Blocked by Taylor Fedun.
19:23 of 2nd period - Oliver Bjorkstrand is hit by Mikhail Sergachev and loses puck.
19:50 of 2nd period - Shot by Nick Bonino.
19:50 of 2nd period - Stopped by Pavel Francouz with a rebound.
Goals for this period are 1 for SAN JOSE BRONCOS vs 0 for BANFF WOLVES.
Shots for this period are 11 for SAN JOSE BRONCOS vs 3 for BANFF WOLVES.

3rd period


0:01 of 3rd period - Jeff Carter wins face-off versus Evgeni Malkin in neutral zone.
0:46 of 3rd period - Icing by Miro Heiskanen.
0:47 of 3rd period - Jeff Carter wins face-off versus Brayden Point in BANFF WOLVES zone.
0:47 of 3rd period - Jeff Carter is hit by Anthony Beauvillier.
1:04 of 3rd period - Off-side.
1:05 of 3rd period - Jack Eichel wins face-off versus Charlie Coyle in neutral zone.
1:21 of 3rd period - Shot by Nikita Gusev.
1:21 of 3rd period - Stopped by Jacob Markstrom without a rebound.
1:22 of 3rd period - Victor Rask wins face-off versus Anthony Beauvillier in SAN JOSE BRONCOS zone.
1:25 of 3rd period - Shot by Rocco Grimaldi.
1:25 of 3rd period - Shot Misses the Net.
2:00 of 3rd period - Anthony Beauvillier is hit by Josh Teves and loses puck.
2:48 of 3rd period - Shot by Claude Giroux.
2:48 of 3rd period - Shot Misses the Net.
3:36 of 3rd period - Icing by Conor Garland.
3:37 of 3rd period - Jack Eichel wins face-off versus Charlie Coyle in SAN JOSE BRONCOS zone.
3:47 of 3rd period - Icing by Adam Pelech.
3:48 of 3rd period - Charlie Coyle wins face-off versus Antti Suomela in SAN JOSE BRONCOS zone.
3:48 of 3rd period - Jesper Bratt is hit by Mike Ferland.
3:58 of 3rd period - Charlie Coyle is hit by Mike Ferland and loses puck.
4:07 of 3rd period - Shot by Miro Heiskanen.
4:07 of 3rd period - Shot Misses the Net.
4:59 of 3rd period - Shot by Kevin Labanc.
4:59 of 3rd period - Stopped by Jacob Markstrom without a rebound.
5:00 of 3rd period - Victor Rask wins face-off versus Brayden Point in SAN JOSE BRONCOS zone.
5:12 of 3rd period - Minor Penalty to Mikhail Sergachev for Holding.
5:13 of 3rd period - Jack Eichel wins face-off versus Evgeni Malkin in BANFF WOLVES zone.
6:30 of 3rd period - Shot by Brayden Point.
6:30 of 3rd period - Shot Blocked by Miro Heiskanen.
7:10 of 3rd period - Shot by Evgeni Malkin.
7:10 of 3rd period - Shot Misses the Net.
7:12 of 3rd period - Shot by Oliver Bjorkstrand.
7:12 of 3rd period - Stopped by Pavel Francouz with a rebound.
7:16 of 3rd period - Shot by Tyler Motte.
7:16 of 3rd period - Stopped by Pavel Francouz without a rebound.
7:17 of 3rd period - Nick Bonino wins face-off versus Jeff Carter in BANFF WOLVES zone.
7:24 of 3rd period - Chris Tanev is hit by Jeff Carter and loses puck.
8:27 of 3rd period - Shot by Jesper Bratt.
8:27 of 3rd period - Shot Misses the Net.
8:35 of 3rd period - Shot by Charlie Coyle.
8:35 of 3rd period - Stopped by Pavel Francouz with a rebound.
8:49 of 3rd period - Shot by Evgeni Malkin.
8:49 of 3rd period - Shot Misses the Net.
9:19 of 3rd period - Shot by Oliver Bjorkstrand.
9:19 of 3rd period - Stopped by Pavel Francouz without a rebound.
9:20 of 3rd period - Antti Suomela wins face-off versus Anthony Beauvillier in BANFF WOLVES zone.
10:29 of 3rd period - Jaccob Slavin is hit by Kevin Labanc and loses puck.
11:09 of 3rd period - Shot by Oliver Bjorkstrand.
11:09 of 3rd period - Shot Blocked by Mikhail Sergachev.
11:44 of 3rd period - Shot by Roope Hintz.
11:44 of 3rd period - Stopped by Jacob Markstrom without a rebound.
11:45 of 3rd period - Nick Bonino wins face-off versus Jack Eichel in SAN JOSE BRONCOS zone.
12:29 of 3rd period - Off-side.
12:30 of 3rd period - Brayden Point wins face-off versus Victor Rask in neutral zone.
12:32 of 3rd period - Off-side.
12:33 of 3rd period - Brayden Point wins face-off versus Victor Rask in neutral zone.
12:47 of 3rd period - Icing by Roope Hintz.
12:48 of 3rd period - Victor Rask wins face-off versus Evgeni Malkin in BANFF WOLVES zone.
13:09 of 3rd period - Shot by Claude Giroux.
13:09 of 3rd period - Stopped by Pavel Francouz without a rebound.
13:10 of 3rd period - Brayden Point wins face-off versus Jack Eichel in BANFF WOLVES zone.
13:10 of 3rd period - Connor Brown is hit by Mikhail Sergachev and loses puck.
13:17 of 3rd period - Shot by Brayden Point.
13:17 of 3rd period - Shot Blocked by Jack Eichel.
13:19 of 3rd period - Shot by Connor Brown.
13:19 of 3rd period - Stopped by Pavel Francouz without a rebound.
13:20 of 3rd period - Jeff Carter wins face-off versus Brayden Point in BANFF WOLVES zone.
13:38 of 3rd period - Icing by Jaccob Slavin.
13:39 of 3rd period - Jack Eichel wins face-off versus Brayden Point in SAN JOSE BRONCOS zone.
13:40 of 3rd period - Shot by Kevin Labanc.
13:40 of 3rd period - Shot Blocked by Jaccob Slavin.
14:21 of 3rd period - Shot by Jack Eichel.
14:21 of 3rd period - Stopped by Jacob Markstrom without a rebound.
14:22 of 3rd period - Jeff Carter wins face-off versus Evgeni Malkin in SAN JOSE BRONCOS zone.
14:27 of 3rd period - Shot by Jeff Carter.
14:27 of 3rd period - Shot Misses the Net.
14:33 of 3rd period - Mikhail Sergachev is hit by Evgeni Malkin.
14:51 of 3rd period - Shot by Claude Giroux.
14:51 of 3rd period - Stopped by Pavel Francouz with a rebound.
14:53 of 3rd period - Shot by Chris Tanev.
14:53 of 3rd period - Stopped by Pavel Francouz with a rebound.
15:38 of 3rd period - Icing by Adam Pelech.
15:39 of 3rd period - Jack Eichel wins face-off versus Charlie Coyle in SAN JOSE BRONCOS zone.
15:40 of 3rd period - Shot by Kevin Labanc.
15:40 of 3rd period - Shot Blocked by Adam Pelech.
15:47 of 3rd period - Icing by Brady Skjei.
15:48 of 3rd period - Jack Eichel wins face-off versus Charlie Coyle in SAN JOSE BRONCOS zone.
17:02 of 3rd period - Shot by Anthony Beauvillier.
17:02 of 3rd period - Stopped by Pavel Francouz without a rebound.
17:03 of 3rd period - Claude Giroux wins face-off versus Jeff Carter in BANFF WOLVES zone.
17:20 of 3rd period - Shot by Claude Giroux.
17:20 of 3rd period - Shot Misses the Net.
17:22 of 3rd period - Shot by Claude Giroux.
17:22 of 3rd period - Shot Misses the Net.
17:24 of 3rd period - Shot by Evgeni Malkin.
17:24 of 3rd period - Shot Misses the Net.
17:30 of 3rd period - Shot by Oliver Bjorkstrand.
17:30 of 3rd period - Stopped by Pavel Francouz without a rebound.
17:31 of 3rd period - Nick Bonino wins face-off versus Victor Rask in BANFF WOLVES zone.
17:32 of 3rd period - Shot by David Kampf.
17:32 of 3rd period - Shot Blocked by Rocco Grimaldi.
17:34 of 3rd period - Shot by Adam Pelech.
17:34 of 3rd period - Deflect By Nick Bonino.
17:34 of 3rd period - Shot Misses the Net.
17:46 of 3rd period - Shot by Tyler Motte.
17:46 of 3rd period - Stopped by Pavel Francouz without a rebound.
17:47 of 3rd period - Antti Suomela wins face-off versus Evgeni Malkin in BANFF WOLVES zone.
18:15 of 3rd period - Off-side.
18:16 of 3rd period - Jeff Carter wins face-off versus Connor Brown in neutral zone.
18:19 of 3rd period - Shot by Alex Tuch.
18:19 of 3rd period - Stopped by Jacob Markstrom without a rebound.
18:20 of 3rd period - Jack Eichel wins face-off versus Brayden Point in SAN JOSE BRONCOS zone.
18:31 of 3rd period - Shot by Jack Eichel.
18:31 of 3rd period - Deflect By Kevin Labanc.
18:31 of 3rd period - Stopped by Jacob Markstrom without a rebound.
18:32 of 3rd period - Jeff Carter wins face-off versus Evgeni Malkin in SAN JOSE BRONCOS zone.
19:48 of 3rd period - Brayden Point is hit by Kevin Labanc and loses puck.
19:52 of 3rd period - Chris Tanev is hit by Taylor Fedun and loses puck.
19:57 of 3rd period - Shot by Brayden Point.
19:57 of 3rd period - Stopped by Pavel Francouz without a rebound.
19:58 of 3rd period - Charlie Coyle wins face-off versus Victor Rask in BANFF WOLVES zone.
19:59 of 3rd period - Shot by Conor Garland.
19:59 of 3rd period - Deflect By Jesper Bratt.
19:59 of 3rd period - Shot Misses the Net.
Goals for this period are 0 for SAN JOSE BRONCOS vs 0 for BANFF WOLVES.
Shots for this period are 12 for SAN JOSE BRONCOS vs 6 for BANFF WOLVES.


YEGOR
SHARANGOVICH
ALEX
IAFALLO
JAKOB
CHYCHRUN

EAST COAST

HOCKEY LEAGUE

  • 65.QUE3CHW1
  • 66.CHA1TRV6
  • 67.PITRHI
  • 68.ATLWOR